 Dungeon Crawl Stone Soup version 0.23.2-40-g277498a001 (webtiles) character file.

Game seed: 14883080111135945605

5057 H0rd4k the Thaumaturge (level 10, -6/52 HPs)
             Began as a Deep Elf Wizard on Sept 26, 2019.
             Was a Priest of Sif Muna.
             Mangled by Snorg (15 damage)
             ... on level 10 of the Dungeon.
             The game lasted 00:30:36 (10613 turns).

H0rd4k the Thaumaturge (Deep Elf Wizard)           Turns: 10613, Time: 00:30:37

Health: -6/52      AC:  5    Str:  4    XL:     10   Next: 31%
Magic:  24/38      EV: 13    Int: 35    God:    Sif Muna [***...]
Gold:   326        SH:  0    Dex: 19    Spells: 28/36 levels left

rFire    . . .     SeeInvis .   J - +1 rapier of Victory {pierce, Int+2}
rCold    . . .     Gourm    .   (no shield)
rNeg     . . .     Faith    .   z - +2 leather armour of Lucidity {Int+6 Dex+3}
rPois    .         Spirit   .   b - +0 hat
rElec    .         Reflect  .   G - scarf {repulsion}
rCorr    .         Harm     .   (no gloves)
MR       +....                  (no boots)
Stlth    +++.......             k - amulet of the acrobat
HPRegen  0.17/turn              t - ring of magical power
MPRegen  0.26/turn              x - +3 ring of dexterity

@: repel missiles
A: no striking features
a: Divine Energy, Channel Magic, Renounce Religion


You were on level 10 of the Dungeon.
You worshipped Sif Muna.
Sif Muna was most pleased with you.
You were not hungry.

You visited 2 branches of the dungeon, and saw 11 of its levels.

You collected 416 gold pieces.
You spent 90 gold pieces at shops.

Inventory:

Hand Weapons
 p - a +2 dagger of venom
 J - the +1 rapier of Victory (weapon) {pierce, Int+2}
   (You found it on level 9 of the Dungeon)

   It inflicts extra damage upon your enemies.
   It affects your intelligence (+2).
Missiles
 c - 8 silver javelins
 u - 2 tomahawks of dispersal (quivered)
 C - a throwing net
 F - 2 javelins of penetration
Armour
 a - a +0 robe
 b - a +0 hat (worn)
 z - the +2 leather armour of Lucidity (worn) {Int+6 Dex+3}
   (You found it on level 4 of the Dungeon)

   It affects your intelligence (+6).
   It affects your dexterity (+3).
 A - a cursed +0 robe
 G - a scarf of repulsion (worn)
Jewellery
 k - an amulet of the acrobat (around neck)
 t - a ring of magical power (left hand)
 x - a +3 ring of dexterity (right hand)
Wands
 H - a wand of acid (2)
 I - a wand of flame (20)
Scrolls
 g - a scroll of magic mapping
 j - 6 scrolls of remove curse
 m - a scroll of fear
 n - a scroll of teleportation
 q - 3 scrolls of enchant weapon
 w - 2 scrolls of random uselessness
 y - a scroll of amnesia
 B - 2 scrolls of blinking
Potions
 e - a potion of curing
 f - 2 potions of resistance
 h - 2 potions of might
 i - a potion of haste {unknown}
 o - 2 potions of flight
 r - 2 potions of invisibility
 s - 3 potions of heal wounds
 v - a potion of brilliance {unknown}
 D - 2 potions of ambrosia {unknown}
Comestibles
 d - 24 rations
 l - 6 chunks of flesh


   Skills:
 + Level 1.1 Fighting
 + Level 1.0 Throwing
 + Level 3.8 Dodging
 + Level 4.3 Stealth
 + Level 13.6 Spellcasting
 + Level 9.6 Conjurations
   Level 1.1 Summonings
 + Level 3.5 Translocations
 + Level 3.1 Fire Magic
 + Level 2.8 Evocations


You had 28 spell levels left.
You knew the following spells:

 Your Spells              Type           Power        Failure   Level  Hunger
a - Magic Dart            Conj           ####         1%          1    None
b - Blink                 Tloc           N/A          1%          2    None
c - Conjure Flame         Conj/Fire      ######..     1%          3    None
d - Passwall              Tmut/Erth      ###.....     4%          2    None

Your spell library contained the following spells:

 Spells                   Type           Power        Failure   Level  Hunger
 Stone Arrow              Conj/Erth      ######       1%          3    None
 Mephitic Cloud           Conj/Pois/Air  #####...     2%          3    None
 Sandblast                Erth           ###...       3%          1    None
 Call Imp                 Summ           ####....     3%          2    None
 Slow                     Hex            ###.....     4%          2    None
 Petrify                  Tmut/Erth      ###.....     30%         4    None
 Lee's Rapid Deconstruct  Erth           ###.......   63%         5    None


Dungeon Overview and Level Annotations

Branches:
Dungeon (10/15)            Temple (1/1) D:6             Orc (0/2) D:10
   Lair: D:8-11

Altars:
Ashenzari
Cheibriados
Dithmenos
Elyvilon
Fedhas
Gozag
Hepliaklqana
Kikubaaqudgha
Makhleb
Okawaru
Qazlal
Ru
Sif Muna
Trog
Vehumet
Wu Jian
Xom
Yredelemnul
Zin
The Shining One
Beogh

Shops:
D:4 ?   D:6 }   D:10 }

Annotations:
D:1 exclusion: downstairs
D:3 exclusion: downstairs
D:4 exclusion: downstairs
D:6 exclusion: centaur
D:8 exclusion: downstairs
D:9 exclusion: 2 downstairs
D:10 Snorg


Message History

Snorg is severely wounded.
Snorg looks more energetic.
Snorg goes berserk!
Evoke which item? (* to show all) (? for menu, Esc to quit)
Aiming: Corrosive Bolt
Press: ? - help, Shift-Dir - straight line, f/p - Snorg
Aim: Snorg (severely wounded, berserk, fast, unusually strong, covered in acid)
The bolt of acid hits Snorg!
Snorg is splashed with acid.
The acid corrodes Snorg!
Snorg is almost dead.
Evoke which item? (* to show all) (? for menu, Esc to quit)
Aiming: Corrosive Bolt
Press: ? - help, Shift-Dir - straight line, f/p - Snorg
Aim: Snorg (almost dead, berserk, fast, unusually strong, covered in acid)
The bolt of acid hits Snorg!
Snorg is splashed with acid.
Snorg is almost dead.
Snorg rages.
Snorg bites you!
* * * LOW HITPOINT WARNING * * *
Snorg claws you!
You die...

#.......# #..#....#
#.......# #.......#
#.......# #.......#
#.......# #.T.....#
#.@##...# #..##...#
#.......# #.......#
#....#..# #....#..#
#....#..# #....#..#
#.......###########


You could see Snorg (berserk).

Vanquished Creatures
  A hornet (D:10)
  A shadow (D:9)
  8 yaks (D:9)
  A hungry ghost (D:8)
  Eustachio (D:4)
  Duvessa (D:5)
  An orc warrior (D:8)
  2 sky beasts
  6 ogres
  A necrophage (D:5)
  A centaur (D:8)
  A big kobold (D:9)
  4 bullfrogs
  A scorpion (D:7)
  Dowan (D:5)
  A wight (D:8)
  7 killer bees (D:8)
  A howler monkey (D:6)
  3 crimson imps
  A jelly (D:6)
  2 bullfrog skeletons
  8 hounds
  2 orc priests
  6 orc wizards
  2 centaur skeletons
  2 iguanas
  3 worker ants (D:4)
  A howler monkey zombie (D:3)
  A worker ant zombie (D:8)
  19 gnolls
  19 adders
  An ooze (D:5)
  2 adder skeletons
  4 worms
  2 dart slugs
  7 leopard geckos
  44 orcs
  A ball python (D:1)
  7 giant cockroaches
  2 goblins
  12 hobgoblins
  13 jackals
  3 quokkas
  5 bats (D:2)
  7 frilled lizards
  2 giant cockroach zombies
  11 kobolds
  6 rats (D:1)
238 creatures vanquished.

Notes
Turn   | Place    | Note
-------+----------+-------------------------------------------
     0 | D:1      | H0rd4k the Deep Elf Wizard began the quest for the Orb.
     0 | D:1      | Reached XP level 1. HP: 10/10 MP: 7/7
   218 | D:1      | Reached XP level 2. HP: 15/15 MP: 6/9
   269 | D:1      | Reached skill level 5 in Spellcasting
   794 | D:1      | Reached XP level 3. HP: 19/19 MP: 8/11
  1136 | D:2      | Learned a level 2 spell: Blink
  1140 | D:2      | Learned a level 3 spell: Conjure Flame
  1400 | D:2      | Reached XP level 4. HP: 15/24 MP: 4/13
  1428 | D:1      | Reached skill level 6 in Spellcasting
  2251 | D:3      | Reached XP level 5. HP: 28/28 MP: 10/16
  2589 | D:3      | Reached skill level 7 in Spellcasting
  3306 | D:3      | Reached XP level 6. HP: 24/32 MP: 16/18
  3412 | D:3      | Found a stormy altar of Qazlal.
  3750 | D:4      | Reached skill level 8 in Spellcasting
  3930 | D:4      | Found Birchiah's Magic Scroll Emporium.
  3991 | D:4      | Got a heavily runed leather armour
  4002 | D:4      | Identified the +2 leather armour of Lucidity {Int+6 Dex+3}
                  | (You found it on level 4 of the Dungeon)
  4163 | D:4      | Reached XP level 7. HP: 13/36 MP: 16/20
  4258 | D:5      | Entered Level 5 of the Dungeon
  4258 | D:5      | Noticed Eustachio
  4290 | D:4      | Reached skill level 1 in Throwing
  4500 | D:3      | Reached skill level 5 in Conjurations
  4672 | D:3      | Reached skill level 9 in Spellcasting
  4890 | D:5      | Reached skill level 1 in Fire Magic
  5089 | D:5      | Reached XP level 8. HP: 42/42 MP: 23/23
  5393 | D:5      | Noticed Dowan
  5398 | D:5      | Noticed Duvessa
  5407 | D:5      | Killed Dowan
  5809 | D:5      | Reached skill level 10 in Spellcasting
  6063 | D:5      | Killed Duvessa
  6317 | D:6      | Found Isebom's Gadget Emporium.
  6387 | D:4      | Bought a scroll of blinking for 90 gold pieces
  6504 | D:4      | Killed Eustachio
  6642 | D:6      | Found a staircase to the Ecumenical Temple.
  6652 | Temple   | Entered the Ecumenical Temple
  6738 | Temple   | Became a worshipper of Sif Muna the Loreminder
  6788 | D:6      | Reached skill level 11 in Spellcasting
  7487 | D:7      | Reached XP level 9. HP: 34/46 MP: 26/26
  7725 | D:8      | Found a glowing golden altar of the Shining One.
  7978 | D:8      | Reached * piety under Sif Muna
  8058 | D:8      | Reached skill level 1 in Evocations
  8476 | D:8      | Reached skill level 12 in Spellcasting
  9063 | D:9      | Reached skill level 1 in Fighting
  9063 | D:9      | Reached ** piety under Sif Muna
  9363 | D:8      | Reached XP level 10. HP: 52/52 MP: 22/28
  9432 | D:9      | Reached skill level 13 in Spellcasting
  9496 | D:9      | Got a warped rapier
  9497 | D:9      | Identified the cursed +1 rapier of Victory {pierce, Int+2}
                  | (You found it on level 9 of the Dungeon)
  9862 | D:10     | Entered Level 10 of the Dungeon
  9878 | D:10     | Found Jennic's Gadget Shoppe.
  9895 | D:10     | Found a staircase to the Orcish Mines.
 10014 | D:10     | Learned a level 2 spell: Passwall
 10257 | D:10     | Found a roughly hewn altar of Beogh.
 10515 | D:10     | Reached *** piety under Sif Muna
 10571 | D:10     | Noticed Snorg
 10613 | D:10     | Mangled by Snorg

Skill      XL: |  1  2  3  4  5  6  7  8  9 10 |
---------------+-------------------------------+-----
Spellcasting   | 5 6 7 8 9 11 12 13 | 13.6
Dodging        | 3 |  3.8
Conjurations   | 2 3 4 5 7 9 |  9.6
Stealth        | 3 4 |  4.3
Throwing       | 1 |  1.0
Translocations | 2 3 |  3.5
Fire Magic     | 1 2 3 |  3.1
Evocations     | 2 |  2.8
Fighting       | 1 |  1.1
Summonings     | |  1.1

Action                   |  1- 3 |  4- 6 |  7- 9 | 10-12 || total
-------------------------+-------+-------+-------+-------++-------
 Cast: Magic Dart        |   105 |   246 |   452 |    78 ||   881
       Conjure Flame     |       |     4 |    35 |     9 ||    48
       Blink             |       |     2 |    16 |     6 ||    24
Evoke: Wand              |       |       |    10 |    11 ||    21
  Use: Potion            |       |     3 |       |       ||     3
       Scroll            |       |       |    15 |     3 ||    18
  Eat: Chunk             |     1 |     8 |    10 |     1 ||    20
       Ration            |       |       |     2 |     1 ||     3
Armor: Robe              |     3 |       |       |       ||     3
       Leather armour    |       |       |    16 |       ||    16
Dodge: Dodged            |    23 |    33 |    64 |    11 ||   131
       Deflected         |       |       |     2 |     2 ||     4
